AoeStats
← BattiLaFiacca

Black Forest

510156213Analyzed
3v3 RM · 3d ago on Sep 29, 2026· 57m 2s· 6 players
Game mode
Random Map
Map size
Normal (6 player)
Population
200
Speed
Normal
Resources
Standard
Victory
Conquest
Starting age
Dark Age
Ending age
Imperial Age
RankedLock teamsTeams togetherTeam positionsShared explorationLock speedFull tech treeHidden civsTurbo modeCheats
Victory
Defeat
🇮🇹 Jurchens · Italy
1038
+13
🇮🇹 Bohemians · Italy
1038
+13
🇮🇹 Italians · Italy
905
+18
🇸🇪 Japanese · Sweden
998
-16
🇸🇪 Persians · Sweden
971
-15
🇸🇪 Cumans · Sweden
916
-13
flipster
2:41 Loom
11:09 Feudal Age
17:38 Castle Age
15:56 Horse Collar
16:15 Double-Bit Axe
16:47 Gold Mining
20:15 Bow Saw
20:50 Gold Shaft Mining
24:01 Wheelbarrow
27:09 Bloodlines
27:53 Forging
27:48 Scale Barding Armor
29:00 Hand Cart
28:49 Heavy Plow
32:24 Imperial Age
29:42 Town Watch
30:30 Elite Skirmisher
31:16 Fletching
31:26 Padded Archer Armor
32:03 Iron Casting
33:06 Town Patrol
33:46 Bodkin Arrow
34:06 Leather Archer Armor
34:15 Ballistics
34:36 Leather Archer Armor
36:09 Ring Archer Armor
35:17 Cavalier
39:29 Blast Furnace
38:49 Chain Barding Armor
38:53 Caravan
41:09 Chemistry
39:38 Capped Ram
39:39 Onager
40:58 Conscription
40:39 Steppe Husbandry
40:46 Elite Steppe Lancer
44:05 Two-Man Saw
43:31 Guilds
43:21 Siege Ram
43:30 Siege Onager
45:02 Scale Mail Armor
45:41 Crop Rotation
51:05 Plate Barding Armor
husbando9h
1:21 Loom
12:19 Feudal Age
13:16 Double-Bit Axe
16:15 Castle Age
14:20 Horse Collar
20:39 Wheelbarrow
28:24 Hand Cart
28:12 Town Watch
31:40 Imperial Age
30:35 Bow Saw
33:15 Kataparuto
35:51 Man-at-Arms
35:51 Pikeman
36:46 Forging
36:37 Scale Mail Armor
37:25 Caravan
36:49 Long Swordsman
38:13 Two-Handed Swordsman
38:15 Halberdier
39:35 Chain Mail Armor
39:37 Squires
39:23 Gambesons
41:08 Plate Mail Armor
43:20 Conscription
43:02 Yasama
43:40 Elite Samurai
44:55 Fortified Wall
45:09 Ballistics
45:50 Chemistry
44:49 Murder Holes
45:00 Siege Engineers
45:53 Guard Tower
46:44 Hoardings
45:35 Champion
53:09 Elite Skirmisher
54:15 Padded Archer Armor
54:06 Fletching
robertfantomen
3:59 Loom
11:09 Feudal Age
15:12 Castle Age
14:02 Double-Bit Axe
14:24 Horse Collar
18:03 Bow Saw
18:31 Heavy Plow
22:44 Bloodlines
24:01 Wheelbarrow
23:56 Light Cavalry
24:52 Forging
24:49 Scale Barding Armor
26:07 Hand Cart
25:45 Town Watch
26:44 Iron Casting
26:30 Town Patrol
30:52 Imperial Age
28:26 Husbandry
28:21 Fletching
28:32 Padded Archer Armor
29:02 Masonry
31:47 Chain Barding Armor
31:43 Hussar
33:03 Conscription
32:29 Elite War Elephant
37:08 Blast Furnace
36:44 Plate Barding Armor
37:03 Hoardings
38:23 Capped Ram
43:58 Crossbowman
44:12 Elite Skirmisher
45:22 Thumb Ring
53:25 Bodkin Arrow
53:46 Leather Archer Armor
54:19 Plate Barding Armor
Porfido
11:14 Feudal Age
15:41 Castle Age
13:47 Double-Bit Axe
13:45 Horse Collar
23:03 Wheelbarrow
22:16 Loom
22:41 Stone Mining
24:40 Bow Saw
24:25 Gold Mining
26:01 Hand Cart
29:41 Imperial Age
28:23 Thumb Ring
28:59 Heavy Plow
29:38 Fletching
29:49 Padded Archer Armor
30:12 Ballistics
29:50 Murder Holes
31:02 Bodkin Arrow
31:23 Leather Archer Armor
31:58 Conscription
32:40 Bracer
33:11 Ring Archer Armor
36:09 Elite Genoese Crossbowman
43:01 Chemistry
47:02 Two-Man Saw
47:32 Crop Rotation
BattiLaFiacca
1:11 Loom
13:11 Feudal Age
20:04 Castle Age
18:53 Double-Bit Axe
20:09 Horse Collar
28:21 Imperial Age
28:39 Chemistry
28:01 Ballistics
29:59 Fletching
31:29 Pikeman
33:04 Forging
32:54 Scale Mail Armor
33:09 Halberdier
34:59 Elite Hussite Wagon
40:41 Iron Casting
40:22 Chain Mail Armor
40:02 Bodkin Arrow
41:17 Houfnice
50:11 Siege Engineers
50:12 Bracer
50:12 Padded Archer Armor
52:53 Bow Saw
54:38 Squires
56:19 Two-Man Saw
56:34 Blast Furnace
56:05 Plate Mail Armor
angolobarbologna
8:40 Loom
11:08 Feudal Age
16:19 Castle Age
16:14 Double-Bit Axe
29:33 Imperial Age
29:07 Wheelbarrow
28:53 Horse Collar
29:40 Bow Saw
29:31 Town Watch
32:27 Two-Man Saw
33:12 Murder Holes
33:52 Ballistics
34:58 Chemistry
34:55 Hand Cart
37:11 Town Patrol
37:14 Gold Mining
37:29 Heavy Plow
36:57 Heavy Rocket Cart
39:06 Conscription
39:30 Crop Rotation
41:50 Squires
42:11 Thunderclap Bombs
46:02 Siege Engineers
Connection lost

Rejoining the realm…

Still unreachable

The connection could not be restored.

Session expired

The server has moved on; the page needs a fresh start.